 Dungeon Crawl Stone Soup version 0.30-a0-883-g5ad918d77d (webtiles) character file.

Game seed: 17512915184117319940

384 Pimp the Covered (level 6, -5/55 HPs)
             Began as an Armataur Fighter on Mar 16, 2023.
             Slain by an ogre
             ... wielding a +0 giant club
              (16 damage)
             ... on level 4 of the Dungeon.
             The game lasted 00:04:51 (2996 turns).

Pimp the Covered (Armataur Fighter)                 Turns: 2996, Time: 00:04:51

Health: -5/55      AC: 12    Str: 24    XL:     6   Next: 47%
Magic:  6/6        EV:  6    Int:  8    God:
Gold:   100        SH:  4    Dex:  9    Spells: 5/5 levels left

rFire   . . .      SeeInvis .    a - +0 war axe
rCold   . . .      Faith    .    c - +0 buckler
rNeg    . . .      Spirit   .    k - +4 chain mail
rPois   .          Reflect  .    (no helmet)
rElec   .          Roll     +    (no cloak)
rCorr   .                        (no gloves)
Will    .....                    (no barding) Stlth
                                 (no amulet)
HPRegen 0.29/turn                (no ring)
MPRegen 0.10/turn                (no ring)

@: hasted, very quick
A: large, rugged brown scales 3, deformed body, armoured tail, roll, long
tongue, awkward tongue
a: no special abilities


You were on level 4 of the Dungeon.
You visited 1 branch of the dungeon, and saw 4 of its levels.

You collected 100 gold pieces.

Inventory:

Hand Weapons
 a - a +0 war axe (weapon)
Armour
 b - a +0 scale mail
 c - a +0 buckler (worn)
 k - a +4 chain mail (worn)
Jewellery
 e - a +5 ring of evasion
 q - a ring of protection from fire
 r - a ring of fire
 v - a ring of see invisible
Wands
 p - a wand of polymorph (2)
 u - a wand of roots (6)
Scrolls
 h - 2 scrolls of identify
 j - 2 scrolls of amnesia
 o - a scroll of torment {unknown}
 s - a scroll of teleportation {unknown}
 t - 2 scrolls of fear {unknown}
Potions
 d - 3 potions of might
 f - 2 potions of haste
 g - 2 potions of flight {unknown}
 i - a potion of brilliance {unknown}
 l - a potion of berserk rage {unknown}
 m - 2 potions of curing {unknown}
 n - 2 potions of degeneration {unknown}


   Skills:
 + Level 4.0 Fighting
 + Level 3.1 Axes
 + Level 5.4 Armour
 + Level 4.9 Shields


You had 5 spell levels left.
You didn't know any spells.
Your spell library contained the following spells:

 Spells                   Type           Power      Damage    Failure   Level
 Kiss of Death            Conj/Necr      0%         2d5       98%         1
 Confusing Touch          Hex            0%         N/A       100%        3
 Summon Guardian Golem    Hex/Summ       0%         N/A       100%        3
 Dispel Undead            Necr           0%         3d6       100%        4
 Orb of Destruction       Conj           0%         9d5       100%        7
 Spellforged Servitor     Conj/Summ      0%         N/A       100%        7


Dungeon Overview and Level Annotations

Branches:
Dungeon (4/15)
 Temple: D:4-7

Altars:

Shops:
D:1 (*!


Innate Abilities, Weirdness & Mutations

You are completely covered in rugged brown scales. (AC +3, +7% HP)
Armour fits poorly on your strangely shaped body.
You have a long armoured tail.
You roll when moving toward enemies. (Rampage)
Your long tongue fully drains potion bottles. (2x potion effects)
Your tongue gives you trouble enunciating. (1.5x scroll delay)


Message History

You kill the goblin!
You hit the hound.
The hound bites you but does no damage. x2
You miss the hound.
The hound is lightly wounded.
The hound bites you but does no damage. The hound bites you.
You barely miss the hound.
You tail-slap the hound, but do no damage.
The hound is lightly wounded.
You block the hound's attack. The hound bites you but does no damage.
You slash the hound!
Your tail-slap misses the hound.
The hound is severely wounded.
The hound bites you but does no damage. x2
You hit the hound.
Your tail-slap misses the hound.
The hound is severely wounded.
The hound bites you but does no damage. The hound closely misses you.
You closely miss the hound. You tail-slap the hound.
You kill the hound!
Things that are here:
a +0 club; a goblin corpse You open the door.
There is an open door here.
Found a stone staircase leading down.
v - a ring of see invisible
d - 3 potions of might (gained 2)
An ogre comes into view. It is wielding a +0 giant club.
The ogre shouts!
You see here a scroll labelled LAAWAILALA.
An ogre is nearby!
You roll towards the ogre!
You hit the ogre.
The ogre is lightly wounded.
The ogre hits you with a +0 giant club!!
Ouch! That really hurt!
You slash the ogre!
Your tail-slap misses the ogre.
The ogre is heavily wounded.
The ogre hits you with a +0 giant club!
* * * LOW HITPOINT WARNING * * *
You slurp down every last drop of the potion of haste!
You feel yourself speed up. The ogre hits you with a +0 giant club!
You die...

##### #...#
##+####.?.#
#.........#
+.....O@..#
#.........######
#....##........#
#....##........#
#... #.........#
#... +.........#
#.. ##...##...#
#....##...##...#
......>......#


You could see an ogre.

Vanquished Creatures
  A bullfrog (D:4)
  A hound (D:4)
  2 orc priests (D:4)
  An orc wizard (D:4)
  Natasha (twice) (D:2)
  8 adders (D:2)
  2 worms (D:3)
  4 dart slugs (D:1)
  6 orcs (D:4)
  4 endoplasms
  A giant cockroach (D:3)
  6 goblins
  6 hobgoblins
  4 quokkas
  10 ball pythons
  4 bats
  5 frilled lizards
  8 kobolds
  3 rats (D:1)
78 creatures vanquished.

Vanquished Creatures (others)
  4 plants (D:1)
4 creatures vanquished.

Grand Total: 82 creatures vanquished

Notes
Turn   | Place    | Note
-------+----------+-------------------------------------------
     0 | D:1      | Pimp the Armataur Fighter began the quest for the Orb.
     0 | D:1      | Reached XP level 1. HP: 19/19 MP: 1/1
    12 | D:1      | Found Qecoc's Distillery.
   178 | D:1      | Reached XP level 2. HP: 26/26 MP: 2/2
   376 | D:1      | Reached skill level 4 in Armour
   459 | D:1      | Found Modil's Assorted Antiques.
   486 | D:1      | Found Zunwoedu's Weapon Shop.
   496 | D:1      | Reached XP level 3. HP: 33/33 MP: 3/3
  1268 | D:2      | Noticed Natasha
  1274 | D:2      | Killed Natasha
  1275 | D:2      | Reached XP level 4. HP: 37/40 MP: 4/4
  1534 | D:2      | Reached XP level 5. HP: 37/48 MP: 5/5
  1800 | D:2      | Noticed Natasha
  1809 | D:2      | Killed Natasha
  1859 | D:2      | Found a faded altar of an unknown god.
  2805 | D:4      | Reached skill level 5 in Armour
  2856 | D:4      | Reached XP level 6. HP: 51/55 MP: 6/6
  2996 | D:4      | Slain by an ogre

Illustrated notes

Levels and vault maps discovered:
D:1:      dpeg_arrival_shrine, layout_loops_ring, serial_shops,
          nicolae_diamond_shop, nicolae_shop_bloodbath_and_beyond,
          nicolae_shop_hallway_stairs, minmay_misc_feat_tiny,
          lexackson_kobold_supper
D:2:      layout_basic, ebering_ecumenical_altar_rust, minmay_snake_closets,
          uniq_natasha
D:3:      layout_basic
D:4:      layout_gridville, serial_shops, shop

Skill      XL: |  1  2  3  4  5  6 |
---------------+-------------------+-----
Armour         | 4 5 |  5.4
Fighting       | 3 4 |  4.0
Axes           | 2 3 |  3.1
Shields        | 4 |  4.9

Action                     |  1- 3 |  4- 6 || total
---------------------------+-------+-------++-------
  Melee: War axe           |    99 |   150 ||   249
         Tailslap          |     8 |    16 ||    24
    Use: Scroll            |       |     5 ||     5
         Potion            |       |     1 ||     1
 Armour: Scale mail        |    51 |       ||    51
         Chain mail        |     4 |   121 ||   125
  Dodge: Dodged            |    34 |    43 ||    77
  Block: Buckler           |    21 |    36 ||    57

Table legend: (Time is in decaauts)
 A = Elapsed time spent in this place.
 B = Non-inter-level travel time spent in this place.
 C = Inter-level travel time spent in this place.
 D = Time resting spent in this place.
 E = Time spent auto-exploring this place.
 F = Levels seen in this place.
 G = Mean time per level.
                   A        B        C        D        E       F      G
               +--------+--------+--------+--------+--------+-----+--------+
         Total |   3118 |   2967 |    151 |     93 |   2195 |   4 |  779.5 |
       Dungeon |   3118 |   2967 |    151 |     93 |   2195 |   4 |  779.5 |
               +--------+--------+--------+--------+--------+-----+--------+

Top non-repeatable levels by time:
     D:2: 1164 daAuts
     D:3: 875 daAuts
     D:1: 857 daAuts
     D:4: 221 daAuts
